 Dungeon Crawl Stone Soup version 0.25-a0-356-g7c9d860b3b (webtiles) character file.

Game seed: 6217719904146276039, levelgen mode: deterministic

345 Borgoz the Cudgeler (level 6, -5/57 HPs)
             Began as a Gargoyle Gladiator on Jan 4, 2020.
             Killed from afar by Dowan (12 damage)
             ... with a stone arrow
             ... on level 4 of the Dungeon.
             The game lasted 00:02:44 (2577 turns).

Borgoz the Cudgeler (Gargoyle Gladiator)            Turns: 2577, Time: 00:02:45

Health: -5/57      AC: 23    Str: 16 (19) XL:     6   Next: 58%
Magic:  6/6        EV:  2    Int:  7 (9)  God:
Gold:   140        SH:  0    Dex:  9 (11) Spells: 5/5 levels left

rFire    . . .     SeeInvis .   a - +0 flail
rCold    . . .     Gourm    .   (no shield)
rNeg     + + +     Faith    .   (armour currently unavailable)
rPois    ∞         Spirit   .   (helmet currently unavailable)
rElec    .         Reflect  .   (cloak currently unavailable)
rCorr    .         Harm     .   (gloves currently unavailable)
MR       .....     NoTele   +   (boots currently unavailable)
Stlth    +.........             (no amulet)
HPRegen  0.19/turn              (no ring)
MPRegen  0.10/turn              (no ring)

@: tree-form, berserk cooldown, slowed, very slow
A: negative energy resistance 1, petrification resistance, rot immunity, AC +4
a: no special abilities


You were on level 4 of the Dungeon.
You were near starving.
You were a tree.
You visited 1 branch of the dungeon, and saw 5 of its levels.

You collected 140 gold pieces.

Inventory:

Hand Weapons
 a - a +0 flail (weapon)
Missiles
 d - 3 throwing nets (quivered)
Armour
 c - a +0 helmet (melded)
 o - a +0 ring mail (melded)
Scrolls
 b - a scroll of teleportation {unknown}
 e - a scroll of noise {unknown}
 h - a scroll of immolation {unknown}
 i - 4 scrolls of identify
 l - a scroll of fear {unknown}
 p - a scroll of remove curse {unknown}
 q - a scroll of enchant armour {unknown}
Potions
 g - a potion of flight
 m - a potion of haste {unknown}
 r - a potion of heal wounds {unknown}
Comestibles
 f - 4 rations


   Skills:
 + Level 3.7 Fighting
 * Level 5.0 Maces & Flails
 - Level 1.7 Throwing
 + Level 2.9 Armour
 + Level 3.4 Dodging


You had 5 spell levels left.
You didn't know any spells.
Your spell library contained the following spells:

 Spells                   Type           Power        Failure   Level  Hunger
 Sandblast                Erth           #.....       43%         1    ##.....
 Passwall                 Tmut/Erth      #.......     56%         2    ###....
 Stone Arrow              Conj/Erth      #.....       80%         3    ####...
 Petrify                  Tmut/Erth      #.......     99%         4    #####..
 Lee's Rapid Deconstruct  Erth           #.........   100%        5    ######.


Dungeon Overview and Level Annotations

Branches:
Dungeon (5/15)
 Temple: D:4-7

Altars:
Elyvilon
Yredelemnul

Annotations:
D:4 Dowan


Innate Abilities, Weirdness & Mutations

You are resistant to torment.
((Your stone body is resilient. (AC +4)))
You are immune to poison.
You resist negative energy. (rN+)
((You are resistant to electric shocks. (rElec)))
((You can survive without breathing.))
You are immune to petrification.
You are immune to rotting.


Message History

A red film seems to cover your vision as you go berserk!
You feel yourself moving faster!
You feel mighty! Duvessa hits you but does no damage.
You sock Duvessa!
You kill Duvessa!
You hear a distant wail of despair.
Your Maces & Flails skill increases to level 5!
You cannot move.
You are too berserk!
You feel a strong urge to attack something.
You feel your anger nearly subside.
You are no longer berserk.
You are exhausted.
You feel yourself slow down.
It was a potion of degeneration.
There was something very wrong with that liquid.
You feel weakened.
You feel dopey.
You feel clumsy.
Dowan seems to find hidden reserves of power!
Dowan points at you and mumbles some strange words.
The stone arrow hits you!
You die...

... # !.. .##..
##...# ##..#.# #
#.#.#.#
#...#...#e#########
#....>..)♣.......
####..#.#########
##.#.# #.#.# #.#..
#.... ...... #####.


You could see Dowan.

Vanquished Creatures
  Duvessa (D:4)
  A centaur (D:3)
  Blork the orc (D:5)
  2 adders
  A worm (D:2)
  2 leopard geckos (D:1)
  5 orcs (D:3)
  7 giant cockroaches
  8 goblins
  7 hobgoblins
  A jackal (D:1)
  3 ball pythons
  9 bats
  3 frilled lizards
  9 kobolds
  8 rats
  A spectral orc (D:2)
69 creatures vanquished.

Notes
Turn   | Place    | Note
-------+----------+-------------------------------------------
     0 | D:1      | Borgoz the Gargoyle Gladiator began the quest for the Orb.
     0 | D:1      | Reached XP level 1. HP: 12/12 MP: 1/1
    51 | D:1      | Reached XP level 2. HP: 9/18 MP: 2/2
   393 | D:1      | Reached skill level 1 in Armour
   432 | D:1      | Reached XP level 3. HP: 17/22 MP: 3/3
   660 | D:2      | Found a basalt altar of Yredelemnul.
  1019 | D:2      | Found a white marble altar of Elyvilon.
  1023 | D:2      | Reached XP level 4. HP: 26/27 MP: 4/4
  1091 | D:2      | HP: 1/27 [worm (4)]
  1869 | D:3      | Reached skill level 4 in Maces & Flails
  1882 | D:3      | Noticed a centaur
  1903 | D:3      | Killed a centaur
  1903 | D:3      | Reached XP level 5. HP: 11/32 MP: 5/5
  2167 | D:3      | You fall into a shaft and drop 2 floors!
  2167 | D:5      | Entered Level 5 of the Dungeon
  2231 | D:5      | Noticed Blork the orc
  2245 | D:5      | Killed Blork the orc
  2245 | D:5      | Reached XP level 6. HP: 4/37 MP: 6/6
  2539 | D:4      | Noticed Duvessa
  2539 | D:4      | Noticed Dowan
  2572 | D:4      | Killed Duvessa
  2572 | D:4      | Reached skill level 5 in Maces & Flails
  2577 | D:4      | Killed from afar by Dowan

Levels and vault maps discovered:
D:1:      dpeg_arrival_tiny_i, layout_rooms, minmay_tetromino_t4
D:2:      layout_basic, elyvilon_altar_3, yredelemnul_forgotten_temple_becter,
          minmay_misc_feat_nine_boxes, dk_noncrumbling_3
D:3:      layout_basic, lemuel_zombie_altar_kikubaaqudgha, nemelex_altar_shiori,
          grunt_decor_mini_mirrors
D:4:      layout_basic, first_ration, minmay_manual_monstrance, uniq_ijyb,
          uniq_duvessa
D:5:      layout_loops_corners, lemuel_doored_altar, basic_altar,
          uniq_blork_the_orc

Skill      XL: |  1  2  3  4  5  6 |
---------------+-------------------+-----
Armour         | 1 2 |  2.9
Maces & Flails | 4 5 |  5.0
Fighting       | 3 |  3.7
Dodging        | 3 |  3.4
Throwing       | |  1.7

Action                   |  1- 3 |  4- 6 || total
-------------------------+-------+-------++-------
Melee: Flail             |   129 |   116 ||   245
  Use: Potion            |       |     3 ||     3
       Scroll            |       |     1 ||     1
  Eat: Chunk             |     1 |     3 ||     4
Armor: Leather armour    |    63 |     1 ||    64
       Ring mail         |       |    46 ||    46
       Skin              |       |     2 ||     2
Dodge: Dodged            |   126 |    63 ||   189

Table legend:
 A = Non-vault XP
 B = Vault XP
 C = Vault XP percentage of total XP
 D = Non-vault monster count
 E = Vault monster count
 F = Vault count percentage of total count
                 A         B        C        D         E       F
            +---------+---------+-------+---------+---------+-------
      Total |     258 |     236 |  47.8 |      64 |       5 |   7.2
            +---------+---------+-------+---------+---------+-------
        D:1 |      43 |       3 |   6.5 |      27 |       2 |   6.9
        D:2 |      50 |       1 |   2.0 |      20 |       1 |   4.8
        D:3 |     163 |       0 |   0.0 |      16 |       0 |   0.0
        D:4 |       0 |     142 | 100.0 |       0 |       1 | 100.0
        D:5 |       2 |      90 |  97.8 |       1 |       1 |  50.0
            +---------+---------+-------+---------+---------+-------
